 Dungeon Crawl Stone Soup version 0.32-a0-699-g1ee5eff69a (webtiles) character file.

Game seed: 14407447794854482443

108 Malificent the Poker (level 4, -1/38 HPs)
             Began as a Gnoll Wanderer on Mar 13, 2024.
             Slain by a ribbon worm (7 damage)
             ... on level 3 of the Dungeon.
             The game lasted 00:05:07 (1907 turns).

Malificent the Poker (Gnoll Wanderer)               Turns: 1907, Time: 00:05:07

Health: -1/38      AC:  3    Str: 15    XL:     4   Next: 87%
Magic:  6/6        EV: 11    Int: 10    God:
Gold:   74         SH:  0    Dex: 17    Spells: 5/5 levels left

rFire   . . .        a - +3 spear
rCold   . . .        (no shield)
rNeg    . . .        d - +0 leather armour
rPois   .            (no helmet)
rElec   .            (no cloak)
rCorr   .            (no gloves)
SInv    .            (no boots)
Will    +....        (no amulet)
Stlth   ++           g - +6 ring of dexterity
HPRegen 0.26/turn    (no ring)
MPRegen 0.10/turn

%: no passive effects
@: enlightened, flying
A: fangs 1, strong nose, distributed training
a: no special abilities


You were on level 3 of the Dungeon.
You visited 1 branch of the dungeon, and saw 3 of its levels.

You collected 74 gold pieces.

Inventory:

Hand Weapons
 a - a +3 spear (weapon)
 b - a +0 hand axe
Armour
 d - a +0 leather armour (worn)
Jewellery
 g - a +6 ring of dexterity (left hand)
Scrolls
 c - 4 scrolls of fear
 f - a scroll of teleportation
 h - 2 scrolls of identify
 i - 2 scrolls of enchant armour {unknown}
 k - a scroll of amnesia
 l - 3 scrolls of noise
 m - a scroll of blinking {unknown}


   Skills:
 + Level 4.7 Fighting
 + Level 1.3 Short Blades
 + Level 1.3 Long Blades
 + Level 4.7 Axes
 + Level 1.3 Maces & Flails
 + Level 4.7 Polearms
 + Level 1.3 Staves
 + Level 1.3 Ranged Weapons
 + Level 1.3 Throwing
 + Level 2.8 Armour
 + Level 2.8 Dodging
 + Level 1.3 Stealth
 + Level 1.3 Shields
 + Level 1.3 Unarmed Combat
 + Level 1.3 Spellcasting
 + Level 1.0 Conjurations
 + Level 1.0 Hexes
 + Level 1.0 Summonings
 + Level 1.0 Necromancy
 + Level 1.0 Translocations
 + Level 1.0 Fire Magic
 + Level 1.0 Ice Magic
 + Level 1.0 Air Magic
 + Level 1.0 Earth Magic
 + Level 1.0 Alchemy
 + Level 3.0 Invocations
 + Level 2.8 Evocations
 + Level 1.2 Shapeshifting


You had 5 spell levels left.
You didn't know any spells.
Your spell library contained the following spells:

 Spells                   Type           Power      Damage    Failure   Level
 Shock                    Conj/Air       8%         1d3       26%         1
 Slow                     Hex            8%         N/A       26%         1
 Confusing Touch          Hex            2%         N/A       63%         3
 Swiftness                Air            2%         N/A       63%         3
 Vampiric Draining        Necr           2%         2d6       63%         3
 Airstrike                Air            1%         2d(1-17)  95%         4


Dungeon Overview and Level Annotations

Branches:
Dungeon (3/15)

Altars:


Innate Abilities, Weirdness & Mutations

You have very sharp teeth.
Your uncanny sense of smell can sniff out nearby items.
Your experience applies equally to all skills.


Message History

You completely miss something. Something hits you.
The orc throws a boomerang.
It was a potion of heal wounds.
You feel much better.
You hear some strange, mumbled words.
A magic dart appears from out of thin air!
The magic dart hits you!
The orc throws a boomerang.
The boomerang closely misses you.
You puncture something! Something hits you but does no damage.
You closely miss something. Something hits you.
You feel very buoyant.
You fly up into the air.
Something hits you.
You hit something.
Reactivating autopickup.
You feel a bit more experienced.
The orc throws a boomerang.
The boomerang completely misses you.
Your Invocations skill increases to level 3!
You hit the orc.
The orc is moderately wounded.
The orc barely misses you.
You hit the orc.
The orc is moderately wounded.
The orc hits you with a +1 morningstar of freezing.
The orc freezes you.
You completely miss the orc.
The orc is moderately wounded.
The orc hits you with a +1 morningstar of freezing!
The orc freezes you.
You barely miss the orc. You bite the orc.
The orc is severely wounded.
The orc hits you with a +1 morningstar of freezing!
* * * LOW HITPOINT WARNING * * *
The orc freezes you.
* * * LOW HITPOINT WARNING * * *
You aren't carrying any potions.
As you read the scroll of fear, it crumbles to dust.
You assume a fearsome visage.
The quokka looks frightened!
The orc looks frightened! x2; The quokka enters a dispersal trap!
The orc blinks! x2; You blink.
The quokka blinks!
The ribbon worm attacks as it pursues you!
The ribbon worm bites you!
You die...

#.# #.# #######)#
#######o.....§#
............#####
#######......^.....####.
[...†...................
#######.r......#w#.####
# #.##+#####@# #
#######.##..............
...............##..#....
....###.##..... ..# ##
....# #.##.... #.. ....#
#.##.... ...
....###+##### ...#
...........### ....
......[.......


You could see a ribbon worm.

Vanquished Creatures
  An orc wizard (D:3)
  3 adders
  3 dart slugs
  An orc (D:3)
  9 endoplasms
  2 giant cockroaches
  3 goblins
  4 hobgoblins
  A quokka (D:1)
  7 ball pythons
  2 bats
  2 frilled lizards
  4 kobolds
  7 rats
49 creatures vanquished.

Notes
Turn   | Place    | Note
-------+----------+-------------------------------------------
     0 | D:1      | Malificent the Gnoll Wanderer began the quest for the Orb.
     0 | D:1      | Malificent set off with the following items: a +3 spear, a
                  | +0 hand axe, a scroll of fear, a +0 leather armour.
     0 | D:1      | Reached XP level 1. HP: 20/20 MP: 2/2
    43 | D:1      | Reached XP level 2. HP: 26/26 MP: 3/3
   569 | D:2      | Reached XP level 3. HP: 13/31 MP: 4/4
   824 | D:2      | Reached skill level 1 in Short Blades
   824 | D:2      | Reached skill level 1 in Long Blades
   824 | D:2      | Reached skill level 1 in Maces & Flails
   824 | D:2      | Reached skill level 1 in Staves
   824 | D:2      | Reached skill level 1 in Ranged Weapons
   824 | D:2      | Reached skill level 1 in Throwing
   824 | D:2      | Reached skill level 1 in Stealth
   824 | D:2      | Reached skill level 1 in Shields
   824 | D:2      | Reached skill level 1 in Unarmed Combat
   824 | D:2      | Reached skill level 1 in Spellcasting
  1424 | D:3      | Reached skill level 1 in Shapeshifting
  1424 | D:3      | Reached XP level 4. HP: 38/38 MP: 6/6
  1873 | D:3      | Reached skill level 1 in Conjurations
  1873 | D:3      | Reached skill level 1 in Hexes
  1873 | D:3      | Reached skill level 1 in Summonings
  1873 | D:3      | Reached skill level 1 in Necromancy
  1873 | D:3      | Reached skill level 1 in Translocations
  1873 | D:3      | Reached skill level 1 in Fire Magic
  1873 | D:3      | Reached skill level 1 in Ice Magic
  1873 | D:3      | Reached skill level 1 in Air Magic
  1873 | D:3      | Reached skill level 1 in Earth Magic
  1873 | D:3      | Reached skill level 1 in Alchemy
  1907 | D:3      | Slain by a ribbon worm

Illustrated notes

Levels and vault maps discovered:
D:1:      dreamdust_arrival_sigmund_warning, layout_rooms
D:2:      layout_loops_ring
D:3:      layout_basic, minivault_25, kennysheep_generic_room_4

Skill      XL: |  1  2  3  4 |
---------------+-------------+-----
Short Blades   | 1 |  1.3
Long Blades    | 1 |  1.3
Maces & Flails | 1 |  1.3
Staves         | 1 |  1.3
Ranged Weapons | 1 |  1.3
Throwing       | 1 |  1.3
Stealth        | 1 |  1.3
Shields        | 1 |  1.3
Unarmed Combat | 1 |  1.3
Spellcasting   | 1 |  1.3
Shapeshifting  | 1 |  1.2
Conjurations   | 1 |  1.0
Hexes          | 1 |  1.0
Summonings     | 1 |  1.0
Necromancy     | 1 |  1.0
Translocations | 1 |  1.0
Fire Magic     | 1 |  1.0
Ice Magic      | 1 |  1.0
Air Magic      | 1 |  1.0
Earth Magic    | 1 |  1.0
Alchemy        | 1 |  1.0
Invocations    | 3 |  3.0
Fighting       | |  4.7
Axes           | |  4.7
Polearms       | |  4.7
Armour         | |  2.8
Dodging        | |  2.8
Evocations     | |  2.8

Action                     |  1- 3 |  4- 6 || total
---------------------------+-------+-------++-------
  Melee: Spear             |    93 |    55 ||   148
         Bite              |    12 |     6 ||    18
    Use: Scroll            |     3 |     2 ||     5
         Potion            |       |     2 ||     2
   Stab: Sleeping          |     2 |       ||     2
 Armour: Leather armour    |    47 |    35 ||    82
  Dodge: Dodged            |    52 |    17 ||    69

Table legend: (Time is in decaauts)
 A = Elapsed time spent in this place.
 B = Non-inter-level travel time spent in this place.
 C = Inter-level travel time spent in this place.
 D = Time resting spent in this place.
 E = Time spent auto-exploring this place.
 F = Levels seen in this place.
 G = Mean time per level.
                   A        B        C        D        E       F      G
               +--------+--------+--------+--------+--------+-----+--------+
         Total |   1887 |   1867 |     20 |    173 |   1237 |   3 |  629.0 |
       Dungeon |   1887 |   1867 |     20 |    173 |   1237 |   3 |  629.0 |
               +--------+--------+--------+--------+--------+-----+--------+

Top non-repeatable levels by time:
     D:2: 838 daAuts
     D:3: 530 daAuts
     D:1: 518 daAuts
